Map: [ESL] Site Delta

Players

RedpackCuKu (CuKu) - Winner!

  • Race: Terran Terran
  • League: Grandmaster
  • Spawn Location: 5:00

PtitDrogo

  • Race: Protoss Protoss
  • Spawn Location: 11:00

Event: HomeStory Cup XXIV

VOD

Have the link to the VOD?

Description

Time

  • Played on: Dec. 1, 2023, 3:07 p.m.
  • Length: 15:06

All games in this series

Show
View Real Time Build Order
Export as new Build Order

RedpackCuKu Terran - Winner!

Build Orders:  

Get SALT Encoding   

  12  0:00  SCV  
  13  0:12  SCV  
  14  0:18  Supply Depot  
  14  0:24  SCV  
  15  0:40  SCV  
  15  0:42  Barracks  
  16  0:45  Refinery  
  16  0:52  SCV  
  16  0:54  Refinery  
  17  1:04  SCV  
  18  1:16  SCV  
  19  1:29  Orbital Command, Reaper  
  19  1:30  Supply Depot  
  20  1:45  Factory  
  20  1:55  SCV  
  21  2:01  Reaper  
  21  2:07  SCV  
  23  2:20  Command Center  
  23  2:21  SCV  
  24  2:29  Hellion  
  26  2:33  SCV  
  26  2:34  Barracks Reactor  
  27  2:44  Starport  
  27  2:56  Widow Mine  
  29  3:03  Supply Depot  
  30  3:11  SCV  
  30  3:25  Medivac  
  36  3:27  Widow Mine x2  
  36  3:28  SCV  
  37  3:36  Orbital Command  
  37  3:40  SCV  
  38  3:49  Barracks Tech Lab, Widow Mine  
  38  3:50  Widow Mine  
  38  3:53  SCV  
  43  3:55  Medivac  
  45  4:03  Command Center  
  45  4:06  Armory  
  45  4:07  SCV  
  46  4:10  SCV  
  46  4:14  Widow Mine  
  46  4:16  Widow Mine  
  51  4:19  SCV  
  51  4:22  SCV  
  53  4:26  Supply Depot  
  53  4:32  Supply Depot  
  53  4:33  SCV  
  54  4:48  Widow Mine x2, SCV x2, Medivac  
  56  5:00  SCV x2  
  58  5:10  Widow Mine x2  
  58  5:12  SCV x2  
  64  5:15  SCV  
  61  5:24  SCV  
  61  5:28  SCV  
  62  5:36  Starport Tech Lab  
  62  5:38  SCV  
  62  5:39  Orbital Command  
  62  5:41  Barracks  
  60  5:43  Barracks  
  60  5:44  Engineering Bay  
  60  5:45  SCV, Refinery  
  60  5:46  Siege Tank, Refinery  
  60  5:47  Marine x2  
  60  5:49  Engineering Bay  
  66  5:50  Bunker  
  66  5:54  SCV  
  66  5:55  Raven  
  69  5:57  SCV  
  70  6:04  Marine x2  
  70  6:05  SCV  
  70  6:07  SCV  
  70  6:09  SCV, Supply Depot  
  75  6:17  SCV  
  75  6:18  Terran Infantry Weapons Level 1  
  76  6:19  SCV  
  76  6:22  Marine x2  
  79  6:29  SCV  
  79  6:31  Siege Tank  
  83  6:36  Marine  
  85  6:40  Marine x2  
  85  6:46  SCV  
  86  6:49  Barracks, Orbital Command  
  86  6:50  Barracks  
  86  6:52  SCV  
  84  6:58  Stimpack, SCV, Marine x2  
  84  7:00  Terran Infantry Armor Level 1  
  84  7:04  SCV  
  84  7:10  SCV  
  84  7:11  Ghost Academy  
  84  7:12  Marine  
  84  7:14  Factory Reactor, Supply Depot  
  86  7:15  Marine  
  86  7:16  Marine  
  86  7:17  Combat Shield, Marine, SCV  
  86  7:19  SCV  
  86  7:22  Supply Depot x2  
  91  7:25  Starport Reactor  
  91  7:27  SCV  
  92  7:30  Marine  
  92  7:33  Marine x2  
  92  7:34  Marine  
  96  7:38  Marine  
  96  7:43  Marine  
  96  7:47  Marine  
  96  7:50  SCV x2  
  97  7:51  Marine x2  
  97  7:52  Marine  
  97  7:55  Widow Mine  
  97  7:56  Widow Mine  
  105  8:00  SCV, Ghost Academy  
  105  8:05  Barracks Reactor, Barracks Tech Lab, Marine  
  103  8:07  SCV  
  103  8:08  Medivac  
  103  8:09  Marine x2, Medivac  
  103  8:10  SCV  
  103  8:11  Marauder  
  114  8:16  SCV  
  114  8:18  Refinery x2  
  114  8:19  Sensor Tower  
  113  8:20  Widow Mine x2  
  113  8:23  Marine  
  113  8:24  SCV  
  117  8:27  Marauder, Marine  
  117  8:29  Supply Depot x2  
  117  8:31  Ghost  
  117  8:32  Marauder  
  124  8:41  Marine  
  124  8:42  Medivac x2  
  124  8:45  Marine  
  124  8:46  Marine x2  
  132  8:50  Ghost  
  132  8:53  Marauder  
  132  8:54  Terran Infantry Weapons Level 2  
  136  8:56  Command Center  
  136  8:59  Marine  
  136  9:00  Marine  
  138  9:14  Medivac  
  138  9:15  Marauder, Medivac  
  138  9:16  Widow Mine x2  
  146  9:17  Ghost  
  146  9:18  Marine  
  146  9:24  Marine  
  150  9:25  Supply Depot  
  150  9:26  Supply Depot x2  
  150  9:31  Terran Infantry Armor Level 2  
  150  9:33  SCV  
  150  9:34  SCV  
  150  9:35  Bunker  
  150  9:36  Supply Depot  
  150  9:38  Supply Depot  
  152  9:40  Marine x2  
  152  9:41  Marine x2  
  156  9:47  Marauder x2  
  156  9:49  Viking x2  
  160  9:59  Ghost  
  156  10:00  Marine x2  
  156  10:06  Marine  
  156  10:07  Ghost x2, Marine  
  160  10:18  Marine  
  160  10:19  Viking x2  
  165  10:21  Marine  
  168  10:28  Marauder  
  167  10:36  Marauder  
  167  10:37  Marauder  
  166  10:49  Marauder  
  168  10:51  Marine  
  168  10:52  Marine  
  168  10:53  Viking x2  
  168  10:56  Marine x2  
  168  10:58  Marauder x2  
  168  11:03  Widow Mine x2  
  176  11:07  SCV  
  176  11:09  Marine x2  
  176  11:11  Marauder  
  180  11:14  Marine x2  
  180  11:16  Terran Infantry Weapons Level 3  
  179  11:19  Marauder  
  179  11:20  Marauder  
  183  11:27  Marine  
  183  11:28  Viking x2  
  183  11:32  Marauder  
  190  11:35  Planetary Fortress  
  190  11:36  SCV  
  191  11:40  Missile Turret x2  
  191  11:41  Marauder  
  191  11:42  Marauder  
  195  11:51  Concussive Shells  
  195  11:52  Barracks  
  195  11:53  Barracks  
  195  11:54  Barracks  
  195  12:03  Terran Infantry Armor Level 3  
  195  12:07  Marauder  
  197  12:13  Marauder  
  199  12:36  Marauder  
  168  12:37  Marauder  
  168  12:38  Marauder  
  168  12:39  Marine  
  156  12:49  Marine  
  156  12:50  Barracks Reactor, Barracks Tech Lab x2  
  148  12:51  SCV  
  148  12:54  Command Center, Marine x2  
  148  12:55  Command Center  
  148  12:56  Viking, Sensor Tower, Marine, Widow Mine  
  148  12:57  Viking, Marauder  
  148  12:58  Marauder, Widow Mine  
  164  12:59  Marauder  
  166  13:07  Marine  
  166  13:12  Marine x2  
  169  13:13  Marauder, Missile Turret, Marine  
  169  13:14  Marine  
  169  13:16  Fusion Core  
  169  13:19  Marauder  
  177  13:20  Marauder  
  177  13:21  Marauder  
  177  13:25  Marine  
  180  13:27  Marine  
  180  13:30  Marine x2  
  180  13:31  Marauder  
  185  13:34  Marauder  
  185  13:40  Marauder  
  181  13:41  Marauder  
  181  13:43  Marauder  
  181  13:44  Marine x2  
  181  13:48  Marine x2  
  189  13:49  Viking, Marine x2  
  189  13:52  Viking  
  189  13:53  Marauder  
  191  13:56  Marauder  
  191  14:01  Marauder  
  188  14:15  Marauder x2  
  192  14:19  Viking  
  194  14:26  Starport  
  194  14:27  Marauder  
  186  14:43  Marauder  
Show
View Real Time Build Order
Export as new Build Order

PtitDrogo Protoss 

Build Orders: 1 Gate Expand, Blink Stalkers 

Get SALT Encoding   

  12  0:00  Probe  
  13  0:12  Probe  
  14  0:17  Pylon  
  14  0:24  Probe (Chrono Boost)  
  15  0:35  Gateway  
  15  0:37  Probe (Chrono Boost)  
  16  0:46  Assimilator, Probe (Chrono Boost)  
  17  0:51  Probe  
  18  1:03  Probe  
  19  1:15  Probe  
  20  1:22  Cybernetics Core  
  20  1:30  Nexus  
  20  1:37  Pylon  
  20  1:40  Probe  
  20  1:46  Assimilator  
  21  1:52  Probe  
  22  1:55  Adept (Chrono Boost)  
  22  1:58  Warp Gate  
  24  2:04  Probe  
  25  2:16  Probe, Stalker (Chrono Boost)  
  28  2:28  Probe  
  29  2:32  Twilight Council  
  29  2:40  Stalker  
  29  2:43  Probe (Chrono Boost)  
  33  2:47  Probe (Chrono Boost)  
  33  2:54  Probe (Chrono Boost)  
  33  2:56  Probe (Chrono Boost)  
  35  2:59  Gateway  
  35  3:03  Probe  
  36  3:06  Probe  
  36  3:10  Robotics Facility  
  37  3:15  Probe  
  37  3:16  Pylon  
  38  3:22  Probe (Chrono Boost)  
  39  3:29  Blink (Chrono Boost)  
  39  3:33  Probe (Chrono Boost)  
  40  3:34  Pylon  
  40  3:41  Probe (Chrono Boost)  
  42  3:42  Probe (Chrono Boost)  
  42  3:46  Stalker  
  42  3:47  Probe x2 (Chrono Boost)  
  45  3:53  Stalker  
  48  3:59  Observer (Chrono Boost)  
  49  4:04  Nexus  
  49  4:08  Probe x2  
  51  4:11  Pylon  
  51  4:12  Observer (Chrono Boost)  
  52  4:21  Probe x2  
  52  4:24  Pylon  
  54  4:31  Assimilator  
  54  4:32  Stalker  
  54  4:33  Assimilator, Probe  
  54  4:36  Probe  
  58  4:39  Pylon  
  58  4:45  Probe  
  54  5:00  Probe (Chrono Boost)  
  54  5:01  Probe (Chrono Boost)  
  54  5:06  Stalker x2  
  59  5:12  Probe (Chrono Boost)  
  61  5:17  Probe (Chrono Boost)  
  61  5:18  Probe (Chrono Boost)  
  61  5:20  Probe (Chrono Boost)  
  61  5:23  Charge  
  52  5:32  Robotics Bay  
  52  5:33  Probe (Chrono Boost), Forge  
  55  5:35  Probe x2 (Chrono Boost)  
  56  5:45  Probe x2 (Chrono Boost)  
  56  5:46  Probe (Chrono Boost)  
  58  5:51  Probe (Chrono Boost)  
  58  5:52  Probe (Chrono Boost)  
  58  5:54  Probe (Chrono Boost)  
  61  6:03  Gateway  
  63  6:05  Gateway x2  
  63  6:07  Probe x3 (Chrono Boost)  
  63  6:08  Gateway  
  64  6:12  Probe (Chrono Boost)  
  64  6:13  Protoss Ground Weapons Level 1  
  64  6:14  Probe  
  64  6:17  Stalker  
  68  6:20  Stalker  
  50  6:34  Probe x2  
  50  6:38  Observer  
  53  6:41  Probe  
  53  6:46  Probe  
  53  6:47  Probe  
  56  6:53  Probe (Chrono Boost)  
  57  6:59  Probe (Chrono Boost)  
  58  7:02  Probe (Chrono Boost)  
  58  7:05  Disruptor, Probe (Chrono Boost)  
  63  7:12  Probe (Chrono Boost)  
  63  7:14  Probe x2 (Chrono Boost)  
  63  7:15  Extended Thermal Lance  
  66  7:16  Sentry  
  66  7:17  Probe (Chrono Boost)  
  66  7:20  Probe  
  66  7:21  Shield Battery  
  70  7:23  Probe  
  70  7:29  Probe  
  72  7:34  Probe  
  73  7:38  Pylon  
  73  7:44  Probe x2  
  73  7:48  Observer (Chrono Boost)  
  73  7:51  Probe  
  72  7:56  Probe x2  
  74  8:00  Colossus (Chrono Boost)  
  74  8:03  Probe  
  81  8:08  Probe x2  
  81  8:15  Protoss Ground Weapons Level 2 (Chrono Boost), Probe  
  82  8:20  Probe  
  82  8:25  Probe  
  84  8:27  Probe  
  84  8:32  Probe  
  86  8:35  Photon Cannon  
  86  8:37  Probe  
  86  8:38  Zealot x2  
  86  8:39  Zealot x3  
  86  8:40  Colossus (Chrono Boost)  
  97  8:43  Zealot  
  105  8:53  Gateway  
  105  8:54  Gateway  
  105  8:57  Templar Archives  
  103  9:13  Zealot x3  
  103  9:16  Nexus, Pylon  
  109  9:20  Pylon  
  109  9:21  Pylon  
  109  9:22  Pylon  
  109  9:33  Colossus  
  109  9:34  Probe  
  109  9:35  Pylon  
  116  9:40  High Templar x2  
  116  9:41  Zealot x3  
  126  9:47  Pylon  
  126  9:49  Stalker  
  126  9:50  Stalker x2  
  129  10:07  Stalker x3  
  129  10:08  Psionic Storm  
  129  10:09  Probe x3  
  138  10:21  Photon Cannon, Shield Battery, Probe x2  
  138  10:40  Nexus  
  128  10:50  Archon  
  128  10:52  Stalker x5  
  128  10:53  Stalker  
  128  10:55  Protoss Ground Armor Level 1 (Chrono Boost)  
  140  10:58  Probe  
  141  11:15  Disruptor (Chrono Boost)  
  145  11:28  Probe  
  145  11:31  Robotics Facility  
  146  11:35  Zealot x5  
  146  11:36  Observer  
  146  11:38  Pylon  
  156  11:40  Pylon  
  156  11:41  Photon Cannon, Pylon  
  156  11:43  Pylon  
  156  12:00  Nexus  
  156  12:01  High Templar x2, Zealot x5, Pylon  
  169  12:12  Zealot  
  171  12:25  Archon  
  171  12:26  Zealot x2  
  171  12:27  Zealot x3  
  118  12:46  Zealot x3  
  118  12:48  Zealot x2, Stalker x3  
  118  12:50  Disruptor (Chrono Boost)  
  118  12:51  Disruptor (Chrono Boost)  
  116  12:53  Probe x4  
  120  13:02  Shield Battery  
  120  13:03  Photon Cannon  
  120  13:05  Probe  
  121  13:09  Zealot x5  
  121  13:12  Zealot x3  
  137  13:15  Probe  
  137  13:16  Photon Cannon  
  137  13:18  Disruptor (Chrono Boost), Shield Battery  
  137  13:19  Observer (Chrono Boost)  
  138  13:24  Assimilator  
  138  13:25  Assimilator  
  143  13:31  Zealot x5  
  151  13:34  Disruptor (Chrono Boost)  
  155  13:47  Nexus  
  153  13:52  Stalker x3  
  159  13:58  Disruptor  
  163  14:10  Disruptor  
  167  14:20  Gateway  
  167  14:21  Gateway x2  
  167  14:22  Probe  
  158  14:31  Zealot x2  
  158  14:32  Zealot x6  
  146  14:51  Zealot  
  146  14:52  Zealot x3, Stalker x3  
  128  14:58  Zealot  
Tags
 
Add a new tag
Caveats
  • Supply blocks, unpowered buildings, or Contaminate may cause inaccurate times.
  • Supply counts are checked every 10 seconds.